[Event "November 21 Late 2023"]
[Site "https://www.chess.com"]
[Date "2023.11.21"]
[Round "1"]
[White "Gholami Orimi, Mahdi"]
[Black "Ahn, Hongjin"]
[Result "1-0"]
[Board "27"]
[TimeControl "180+1"]
[WhiteFideId "12558486"]
[BlackFideId "13201492"]
[WhiteElo "2331"]
[BlackElo "2182"]
[WhiteTeam "IRI"]
[BlackTeam "KOR"]
[WhiteClock "0:00:11"]
[BlackClock "0:00:00"]

1. d4 d5 2. Nf3 e6 3. g3 Nf6 4. Bg2 Be7 5. O-O O-O 6. c4 dxc4 7. Qc2 c6 8. Qxc4 b5 9. Qc2 Bb7 10. a4 Nbd7 11. Bf4 b4 12. Nbd2 c5 13. Nc4 Rc8 14. dxc5 Nxc5 15. Rfd1 Qe8 16. b3 Be4 17. Qb2 Qc6 18. Nd6 Bxd6 19. Rxd6 Qb7 20. Be5 Ne8 21. Rd2 f6 22. Bd4 Bd5 23. Bxc5 Rxc5 24. Ne1 Nc7 25. Rad1 Bxg2 26. Nxg2 Nd5 27. Rd4 Nc3 28. R1d2 e5 29. R4d3 Qc6 30. Ne3 Qa6 31. Rd7 Qc6 32. R2d6 Qe4 33. Rxa7 Kh8 34. Rdd7 Rg8 35. Rac7 Rxc7 36. Rxc7 Rd8 37. Qd2 Rg8 38. a5 h5 39. a6 h4 40. gxh4 Qg6+ 41. Kf1 Qb1+ 42. Qe1 Qa2 43. a7 Qa6 44. Qd2 1-0

[Event "November 21 Late 2023"]
[Site "https://www.chess.com"]
[Date "2023.11.21"]
[Round "1"]
[White "Osmak, Yuliia"]
[Black "Khismatullin, Denis"]
[Result "0-1"]
[Board "28"]
[TimeControl "180+1"]
[WhiteFideId "14101602"]
[BlackFideId "4142578"]
[WhiteElo "2303"]
[BlackElo "2552"]
[WhiteTeam "UKR"]
[BlackTeam "RUS"]
[WhiteClock "0:00:00"]
[BlackClock "0:00:36"]

1. e4 c5 2. Nf3 e6 3. g3 Nc6 4. Bg2 Nf6 5. d3 d6 6. O-O Be7 7. Re1 O-O 8. c3 e5 9. d4 exd4 10. cxd4 Bg4 11. d5 Nd4 12. Nc3 Nd7 13. Be3 Ne5 14. Bxd4 cxd4 15. Nb5 Bxf3 16. Bxf3 Qb6 17. Be2 d3 18. Bxd3 a6 19. Na3 Rac8 20. b3 Bf6 21. Rb1 Qd4 22. Bf1 b5 23. Qxd4 Nf3+ 24. Kh1 Bxd4 25. Re2 Rc3 26. Nc2 Rfc8 27. Nxd4 Nxd4 28. Reb2 g5 29. Kg2 Re8 30. Re1 f5 31. a4 Rxe4 32. Rxe4 fxe4 33. axb5 axb5 34. b4 Kg7 35. Rd2 Nf3 36. Rd1 Rb3 37. Bxb5 Rxb4 38. Be2 Nd4 39. Bf1 Kf6 40. h3 Ke5 41. Re1 Kxd5 42. Be2 Nxe2 43. Rxe2 Ke5 44. Ra2 d5 45. Ra5 Rb2 46. Ra8 Kd4 47. Rg8 e3 48. Rxg5 Rxf2+ 49. Kg1 Rf7 50. Rh5 e2 0-1

[Event "November 21 Late 2023"]
[Site "https://www.chess.com"]
[Date "2023.11.21"]
[Round "1"]
[White "Rasulov, Vugar"]
[Black "Shton, Roman"]
[Result "1-0"]
[Board "29"]
[TimeControl "180+1"]
[WhiteFideId "13402390"]
[BlackFideId "14137461"]
[WhiteElo "2517"]
[BlackElo "2027"]
[WhiteTeam "AZE"]
[BlackTeam "UKR"]
[WhiteClock "0:02:03"]
[BlackClock "0:01:28"]

1. e4 Nf6 2. d3 e5 3. Nf3 Nc6 4. g3 Bc5 5. Bg2 d5 6. exd5 Nxd5 7. O-O O-O 8. Re1 Re8 9. c3 Bf5 10. Nh4 Bg6 11. Nxg6 hxg6 12. Nd2 Nb6 13. Ne4 Be7 14. h4 Qd7 15. h5 gxh5 16. Qxh5 Qxd3 17. Bg5 Bxg5 18. Qxg5 Re6 19. Nc5 Rg6 20. Nxd3 Rxg5 21. Bxc6 bxc6 22. Nxe5 Rd8 23. Nxc6 Rd2 24. b3 Rf5 25. Ne7+ 1-0

[Event "November 21 Late 2023"]
[Site "https://www.chess.com"]
[Date "2023.11.21"]
[Round "1"]
[White "Musalov, Ruslan"]
[Black "Ibarra Jerez, Jose Carlos"]
[Result "0-1"]
[Board "30"]
[TimeControl "180+1"]
[WhiteFideId "4141490"]
[BlackFideId "2226332"]
[WhiteElo "2268"]
[BlackElo "2634"]
[WhiteTeam "RUS"]
[BlackTeam "ESP"]
[WhiteClock "0:00:14"]
[BlackClock "0:00:04"]

1. e4 c5 2. Nf3 Nc6 3. d4 cxd4 4. Nxd4 e5 5. Nb5 d6 6. N1c3 a6 7. Na3 Be6 8. Be2 Nd4 9. Be3 Nxe2 10. Qxe2 b5 11. Nd5 Rb8 12. c3 Nf6 13. Bg5 Be7 14. Bxf6 Bxf6 15. Rd1 Bg5 16. Nc2 O-O 17. O-O g6 18. Nce3 Bh6 19. b3 Rc8 20. Rd3 Kh8 21. Kh1 Qh4 22. f3 f5 23. g3 Qh3 24. exf5 gxf5 25. f4 Rg8 26. Qg2 Qxg2+ 27. Kxg2 Rgf8 28. fxe5 dxe5 29. Ne7 e4 30. Rd6 Bxe3 31. Rxe6 Rce8 32. Re5 Bd2 33. Rexf5 Rxf5 34. Nxf5 e3 35. Nxe3 Rxe3 36. c4 bxc4 37. bxc4 Bb4 38. Kh3 Re2 39. a4 Rc2 40. Rf4 a5 41. Re4 Kg7 42. Rd4 h6 43. Rd7+ Kf6 44. Rc7 Ke5 45. Rc6 Bd2 46. Kg4 Kd4 47. h4 Rxc4 48. Rd6+ Kc3+ 49. Kh5 Be1 50. g4 Rc5+ 51. g5 hxg5 52. hxg5 Bd2 53. Kg4 Bxg5 54. Kf3 Bd2 55. Ke2 Bc1 56. Rb6 Ba3 57. Ke3 Bb4 58. Rg6 Kb3 59. Kd4 Rc4+ 60. Kd3 Rc8 61. Rg1 Kxa4 62. Ra1+ Kb5 63. Kd4 Bc3+ 0-1

[Event "November 21 Late 2023"]
[Site "https://www.chess.com"]
[Date "2023.11.21"]
[Round "1"]
[White "Zhigalko, Sergei"]
[Black "Senthilkumar, Pranav"]
[Result "1-0"]
[Board "31"]
[TimeControl "180+1"]
[WhiteFideId "13502956"]
[BlackFideId "2083477"]
[WhiteElo "2616"]
[BlackElo "1860"]
[WhiteTeam "BLR"]
[BlackTeam "USA"]
[WhiteClock "0:01:39"]
[BlackClock "0:01:20"]

1. e4 c5 2. Nf3 e6 3. c3 Nf6 4. e5 Nd5 5. Bc4 d6 6. d4 cxd4 7. cxd4 Nc6 8. O-O Be7 9. Bd2 O-O 10. Nc3 Nxc3 11. Bxc3 Qc7 12. Qe2 b6 13. Bd3 Bb7 14. a3 Rfd8 15. Rfe1 dxe5 16. dxe5 Na5 17. Nd4 Bd5 18. Rad1 Bxa3 19. Bxa5 Bc5 20. Bc3 Bxd4 21. Bxd4 Bb3 22. Bxh7+ Kxh7 23. Qd3+ Kg8 24. Qxb3 Rd5 25. Bc3 Rad8 26. Rxd5 Rxd5 27. Rd1 Rc5 28. h3 a5 29. Qa3 g6 30. Qa1 Qc6 31. Rd6 Qc7 32. Qd1 Kg7 33. Rd7 Qc6 34. Qd6 Qe4 35. Qd3 Qf4 36. Qe3 Qa4 37. Rd4 Qa1+ 38. Kh2 Rc8 39. Rh4 1-0

[Event "November 21 Late 2023"]
[Site "https://www.chess.com"]
[Date "2023.11.21"]
[Round "1"]
[White "Przybylski, Wojciech"]
[Black "Shimanov, Aleksandr"]
[Result "0-1"]
[Board "32"]
[TimeControl "180+1"]
[WhiteFideId "1117599"]
[BlackFideId "4198603"]
[WhiteElo "2203"]
[BlackElo "2611"]
[WhiteTeam "POL"]
[BlackTeam "RUS"]
[WhiteClock "0:00:25"]
[BlackClock "0:01:09"]

1. e4 e5 2. Nf3 Nc6 3. Bb5 a6 4. Ba4 Nf6 5. O-O b5 6. Bb3 Bc5 7. d3 O-O 8. Be3 d6 9. h3 h6 10. a4 Rb8 11. axb5 axb5 12. c3 Re8 13. Nbd2 Qe7 14. Qc2 Bxe3 15. fxe3 Be6 16. Rf2 Nd7 17. Bd5 Nd8 18. Nf1 c6 19. Bxe6 Nxe6 20. Ng3 g6 21. Nh2 h5 22. Raf1 Rf8 23. Nf3 Ra8 24. d4 Ng7 25. Nd2 h4 26. Ne2 Nh5 27. Qb3 Kg7 28. Rf3 Rab8 29. Kh2 c5 30. Ra1 Ndf6 31. Qc2 Rbe8 32. d5 Ra8 33. Rff1 Nh7 34. Nf3 Rfb8 35. b3 Qd8 36. Qd3 b4 37. Rxa8 Rxa8 38. cxb4 cxb4 39. Qc4 Qb6 40. Qc6 Qxe3 41. Qxa8 Qxe2 42. Re1 Qf2 43. Qd8 Nf4 44. Rg1 Nxh3 45. Ra1 Nf4 46. Nxh4 Nf6 47. Ra8 Qxh4+ 48. Kg1 Qe1+ 49. Kh2 Ng4# 0-1

[Event "November 21 Late 2023"]
[Site "https://www.chess.com"]
[Date "2023.11.21"]
[Round "1"]
[White "Ashraf, Artin"]
[Black "Martins, Bruno Andre Leite"]
[Result "0-1"]
[Board "33"]
[TimeControl "180+1"]
[WhiteFideId "22514805"]
[BlackFideId "1942255"]
[WhiteElo "2235"]
[BlackElo "2307"]
[WhiteTeam "IRI"]
[BlackTeam "POR"]
[WhiteClock "0:00:00"]
[BlackClock "0:00:13"]

1. c4 Nf6 2. d4 e6 3. Nc3 Bb4 4. f3 O-O 5. a3 Bxc3+ 6. bxc3 c5 7. e4 Nc6 8. Ne2 b6 9. Ng3 d6 10. Be3 Na5 11. Bd3 Ba6 12. Qe2 Rc8 13. d5 Nd7 14. Bf4 Ne5 15. Bxe5 dxe5 16. Nf1 exd5 17. cxd5 Bxd3 18. Qxd3 c4 19. Qc2 Nb3 20. Ra2 Nc5 21. Ne3 Nd3+ 22. Ke2 Qc7 23. Raa1 Qc5 24. Rhf1 Nf4+ 25. Kf2 Nxg2 26. Kxg2 Qxe3 27. Qc1 Qxc1 28. Rfxc1 Rfd8 29. Rab1 Rc5 30. a4 Kf8 31. Rb5 Rdc8 32. Rcb1 Ke7 33. a5 bxa5 34. Rxc5 Rxc5 35. Rb7+ Kf6 36. Rxa7 Rb5 37. Rc7 a4 38. Rxc4 Ra5 39. Rb4 a3 40. Rb1 a2 41. Ra1 Ke7 42. Kf2 Kd6 43. Ke3 Kc5 44. Kd3 f5 45. Kc2 fxe4 46. fxe4 g5 47. Kb3 h5 48. Kb2 g4 49. d6 Kxd6 50. Rd1+ Ke6 51. Ka1 Ra3 52. Rd3 h4 53. Re3 Kf6 54. Rd3 Kg5 55. Rd7 Rxc3 56. Rd2 Kf4 57. Kxa2 Kxe4 58. Kb2 Rc6 59. Re2+ Kf4 60. Rf2+ Ke3 61. Rg2 Kf3 62. Rd2 g3 63. h3 g2 64. Rd1 Kf2 65. Rd2+ Kg3 66. Rd3+ Kh2 67. Rd2 Kh1 68. Rd1+ g1=Q 69. Ra1 Qxa1+ 70. Kxa1 e4 71. Kb2 e3 72. Kb3 e2 73. Ka4 e1=Q 74. Kb5 Qc3 75. Ka4 Ra6+ 76. Kb5 Ra5+ 77. Kb6 Qc5+ 78. Kb7 Ra7+ 0-1

[Event "November 21 Late 2023"]
[Site "https://www.chess.com"]
[Date "2023.11.21"]
[Round "1"]
[White "Rangel, Daniel"]
[Black "Tang, Andrew"]
[Result "1-0"]
[Board "34"]
[TimeControl "180+1"]
[WhiteFideId "2124475"]
[BlackFideId "2059630"]
[WhiteElo "2267"]
[BlackElo "2589"]
[WhiteTeam "BRA"]
[BlackTeam "USA"]
[WhiteClock "0:00:22"]
[BlackClock "0:00:04"]

1. c4 e6 2. d4 d5 3. cxd5 exd5 4. Nc3 c6 5. Bf4 Bf5 6. e3 Nd7 7. Bd3 Bxd3 8. Qxd3 Ngf6 9. Nge2 Nh5 10. Bg3 Be7 11. Nf4 Nxg3 12. hxg3 Nf6 13. f3 b5 14. Kf2 b4 15. Nce2 O-O 16. Rac1 Rc8 17. g4 g6 18. Rh6 Kg7 19. Rch1 Rh8 20. Ng3 Ng8 21. R6h3 Bg5 22. Nfe2 Qd6 23. Nf5+ gxf5 24. Qxf5 Bxe3+ 25. Kxe3 Re8+ 26. Kf2 h6 27. g5 Qe7 28. Nf4 Qe3+ 29. Kg3 Qxd4 30. gxh6+ Kf8 31. Ng6# 1-0

[Event "November 21 Late 2023"]
[Site "https://www.chess.com"]
[Date "2023.11.21"]
[Round "1"]
[White "Tactrics"]
[Black "Della Morte, German"]
[Result "1-0"]
[Board "35"]
[TimeControl "180+1"]
[BlackFideId "113522"]
[WhiteElo "2897"]
[BlackElo "2306"]
[BlackTeam "ARG"]
[WhiteClock "0:01:41"]
[BlackClock "0:02:32"]

1. e4 c6 2. Nf3 d5 3. Nc3 dxe4 4. Nxe4 Nf6 5. Qe2 Nxe4 6. Qxe4 Nd7 7. Bc4 Nf6 8. Ne5 e6 9. Qe2 Bd6 10. O-O O-O 11. d4 Qc7 12. c3 b5 13. Bd3 Bb7 14. Bg5 Nd5 15. Bd2 Rae8 16. Rae1 a6 17. h3 f6 18. Bxh7+ Kxh7 19. Qh5+ Kg8 20. Ng6 f5 21. Nxf8 Rxf8 22. Rxe6 Bh2+ 23. Kh1 Bf4 24. Qd1 Bxd2 25. Qxd2 Nf4 26. Re5 c5 27. Qxf4 cxd4 28. Qxd4 Rd8 29. Qe3 Qc6 30. f3 Rd6 31. Re8+ Kh7 32. Re7 Rg6 33. Re1 Qc4 34. Rxb7 1-0

[Event "November 21 Late 2023"]
[Site "https://www.chess.com"]
[Date "2023.11.21"]
[Round "1"]
[White "Suder, Jakub"]
[Black "Kamsky, Gata"]
[Result "0-1"]
[Board "36"]
[TimeControl "180+1"]
[WhiteFideId "1195310"]
[BlackFideId "2000024"]
[WhiteElo "2248"]
[BlackElo "2660"]
[WhiteTeam "POL"]
[BlackTeam "USA"]
[WhiteClock "0:00:37"]
[BlackClock "0:00:56"]

1. d4 f5 2. c4 Nf6 3. Nc3 e6 4. Qc2 Bb4 5. e3 b6 6. Bd3 Bb7 7. Ne2 O-O 8. O-O a5 9. f3 Na6 10. b3 Qe8 11. Bb2 Qh5 12. Rae1 Bd6 13. Nf4 Qh6 14. Qc1 g5 15. Nh3 g4 16. Nf4 gxf3 17. gxf3 Kf7 18. Kh1 Rg8 19. d5 e5 20. Bxf5 exf4 21. e4 Rae8 22. Ne2 Nc5 23. Qd2 Qh4 24. Nd4 Nh5 25. Ne2 Be5 26. Rg1 d6 27. Bxe5 dxe5 28. d6 Qf2 29. dxc7 Qxf3+ 0-1

[Event "November 21 Late 2023"]
[Site "https://www.chess.com"]
[Date "2023.11.21"]
[Round "1"]
[White "Sjugirov, Sanan"]
[Black "Weisz, Bryan"]
[Result "1-0"]
[Board "37"]
[TimeControl "180+1"]
[WhiteFideId "4189302"]
[BlackFideId "30934133"]
[WhiteElo "2569"]
[BlackElo "2451"]
[WhiteTeam "HUN"]
[BlackTeam "USA"]
[WhiteClock "0:01:25"]
[BlackClock "0:00:00"]

1. d4 d5 2. c4 Nf6 3. Nf3 Bf5 4. cxd5 Bxb1 5. Rxb1 Qxd5 6. e3 Qxa2 7. Bd3 e6 8. O-O Be7 9. e4 Nc6 10. Bf4 O-O-O 11. Rc1 Qxb2 12. Rxc6 bxc6 13. Qa4 Kd7 14. Ne5+ Ke8 15. Nxc6 Qa3 16. Qxa3 Bxa3 17. Nxd8 Kxd8 18. Ra1 Bd6 19. Bxd6 cxd6 20. Rxa7 Rf8 21. f3 Ne8 22. Bb5 Nc7 23. Bc6 Kc8 24. Kf2 Rd8 25. Ke3 d5 26. e5 Kb8 27. Rb7+ Kc8 28. h4 1-0

[Event "November 21 Late 2023"]
[Site "https://www.chess.com"]
[Date "2023.11.21"]
[Round "1"]
[White "Novikova, Galina"]
[Black "mind1mover"]
[Result "0-1"]
[Board "38"]
[TimeControl "180+1"]
[WhiteFideId "4157095"]
[WhiteElo "1972"]
[BlackElo "2874"]
[WhiteTeam "RUS"]
[WhiteClock "0:00:00"]
[BlackClock "0:00:06"]

1. e4 Nc6 2. Nf3 d6 3. d4 Nf6 4. Nc3 g6 5. h3 a6 6. Be3 b5 7. d5 Nb8 8. Bd3 Bb7 9. Qd2 c6 10. dxc6 Nxc6 11. O-O-O Rc8 12. Kb1 Qa5 13. Nd5 Nxd5 14. exd5 Qxd2 15. Rxd2 Nb4 16. Rhd1 Bxd5 17. a3 Nxd3 18. Rxd3 Be4 19. R3d2 Bxf3 20. gxf3 Bg7 21. Bg5 Kd7 22. Re1 Rhe8 23. f4 e6 24. Red1 d5 25. Rg1 Bh8 26. f3 Rc4 27. b3 Rc3 28. Rf1 Rec8 29. Bh4 Re3 30. Be1 Bc3 31. Rd1 Bxe1 32. Rdxe1 Rxe1+ 33. Rxe1 Ke7 34. Kb2 Kf6 35. Re5 h6 36. h4 Rg8 37. a4 bxa4 38. bxa4 Rb8+ 39. Ka3 Rc8 40. Kb3 Rc4 41. Re3 Kf5 42. Ka3 Kxf4 43. Rb3 Rxc2 44. Rb6 d4 45. Rxa6 Kxf3 46. a5 d3 47. Rd6 Ke2 48. Kb3 Rc8 49. a6 d2 50. a7 d1=Q+ 51. Rxd1 Kxd1 52. Kb4 Ra8 53. Kb5 Rxa7 0-1

[Event "November 21 Late 2023"]
[Site "https://www.chess.com"]
[Date "2023.11.21"]
[Round "1"]
[White "Remizov, Yaroslav"]
[Black "ATM622"]
[Result "1-0"]
[Board "39"]
[TimeControl "180+1"]
[WhiteFideId "34134015"]
[WhiteElo "2420"]
[BlackElo "2448"]
[WhiteTeam "RUS"]
[WhiteClock "0:00:19"]
[BlackClock "0:00:01"]

1. e4 c6 2. d4 d5 3. Nc3 dxe4 4. Nxe4 Bf5 5. Ng3 Bg6 6. Bc4 Nf6 7. N1e2 e6 8. O-O Bd6 9. f4 O-O 10. f5 exf5 11. Nxf5 Bxf5 12. Rxf5 Qc7 13. Ng3 Bxg3 14. hxg3 Qxg3 15. Bf4 Qg4 16. Qxg4 Nxg4 17. Re1 b5 18. Bxf7+ Kh8 19. Bd6 Rd8 20. Re8+ Rxe8 21. Bxe8 Nf6 22. Bxb8 Rxb8 23. Bxc6 Rc8 24. d5 Kg8 25. c3 Rb8 26. Re5 Kf7 27. b3 a5 28. d6 Rb6 29. Bxb5 Rxd6 30. Bc4+ Kg6 31. Rxa5 Rd2 32. b4 Ng4 33. Rd5 Rb2 34. Rd1 Ne3 35. Bd3+ Kg5 36. Re1 Nxg2 37. Rb1 Rxa2 38. b5 Nf4 39. b6 Nh3+ 40. Kf1 Ra8 41. c4 Nf4 42. c5 Nd5 43. c6 Rc8 44. Be4 Ne7 45. b7 Re8 46. b8=Q Rf8+ 47. Qxf8 1-0

[Event "November 21 Late 2023"]
[Site "https://www.chess.com"]
[Date "2023.11.21"]
[Round "1"]
[White "Reprintsev, Alexander"]
[Black "Rustemov, Alexander"]
[Result "0-1"]
[Board "40"]
[TimeControl "180+1"]
[WhiteFideId "14100541"]
[BlackFideId "4119002"]
[WhiteElo "2229"]
[BlackElo "2867"]
[WhiteTeam "UKR"]
[BlackTeam "RUS"]
[WhiteClock "0:00:00"]
[BlackClock "0:00:36"]

1. e4 e6 2. d4 d5 3. Nc3 dxe4 4. Nxe4 Bd7 5. Nf3 Bc6 6. Bd3 Nd7 7. Qe2 Ngf6 8. Ng3 Bxf3 9. Qxf3 c6 10. Bd2 Qb6 11. c3 Be7 12. b3 O-O 13. O-O Rfd8 14. Rfd1 c5 15. dxc5 Nxc5 16. Bc2 a5 17. Be3 Qc7 18. Nh5 Nxh5 19. Qxh5 g6 20. Qf3 b6 21. h3 Rac8 22. Rac1 Nd7 23. c4 Ba3 24. Rb1 Bc5 25. Bg5 Re8 26. Bf4 e5 27. Bg3 Nb8 28. Be4 Nc6 29. Bxc6 Qxc6 30. Qxc6 Rxc6 31. Rd7 Bd4 32. Rd1 g5 33. Kf1 Kg7 34. f3 a4 35. Bf2 axb3 36. axb3 Bc5 37. Rb7 e4 38. Rdd7 Rf6 39. Bxc5 bxc5 40. Rd5 Kg6 41. Kf2 e3+ 42. Ke2 Ra6 43. Ke1 Ra2 44. Rd1 Rxg2 45. Rbd7 e2 46. R1d6+ f6 0-1

[Event "November 21 Late 2023"]
[Site "https://www.chess.com"]
[Date "2023.11.21"]
[Round "1"]
[White "Kovalev, Vladislav"]
[Black "Swicarz, Maciej"]
[Result "1-0"]
[Board "41"]
[TimeControl "180+1"]
[WhiteFideId "13504398"]
[BlackFideId "1113585"]
[WhiteElo "2539"]
[BlackElo "2127"]
[WhiteTeam "FID"]
[BlackTeam "POL"]
[WhiteClock "0:01:10"]
[BlackClock "0:00:03"]

1. e4 c5 2. Nf3 d6 3. Bb5+ Nd7 4. O-O a6 5. Bd3 Ngf6 6. c3 b5 7. a4 c4 8. Be2 Bb7 9. axb5 axb5 10. Rxa8 Qxa8 11. Na3 Bxe4 12. Nxb5 Qc8 13. Qa4 e6 14. Qxc4 Qxc4 15. Bxc4 Bxf3 16. gxf3 Ne5 17. Be2 d5 18. d4 Nc6 19. Bf4 Kd7 20. Ra1 Nh5 21. Bg3 Be7 22. Na7 Nxg3 23. hxg3 Nxa7 24. Rxa7+ Kd6 25. Bb5 Rd8 26. f4 h6 27. Kg2 g5 28. Kf3 f5 29. b3 gxf4 30. gxf4 Bf6 31. Ke3 h5 32. Rf7 Be7 33. c4 dxc4 34. bxc4 Rb8 35. Kd3 Rb7 36. c5+ 1-0

[Event "November 21 Late 2023"]
[Site "https://www.chess.com"]
[Date "2023.11.21"]
[Round "1"]
[White "Koc, Przemyslaw"]
[Black "Taher, Yoseph Theolifus"]
[Result "0-1"]
[Board "42"]
[TimeControl "180+1"]
[WhiteFideId "1109081"]
[BlackFideId "7105347"]
[WhiteElo "2118"]
[BlackElo "2352"]
[WhiteTeam "POL"]
[BlackTeam "INA"]
[WhiteClock "0:00:17"]
[BlackClock "0:01:11"]

1. Nf3 c5 2. g3 g6 3. Bg2 Bg7 4. d4 cxd4 5. Nxd4 Nc6 6. Nxc6 bxc6 7. c4 h5 8. h4 Nf6 9. O-O O-O 10. Nc3 Qb6 11. b3 d5 12. Be3 Qa5 13. Bd2 dxc4 14. Bxc6 Rb8 15. bxc4 Qc5 16. Qa4 Bh3 17. Be3 Qe5 18. Rfc1 Ng4 19. Bf4 Qd4 20. e3 Qf6 21. Nd5 Qb2 22. Nxe7+ Kh7 23. Rf1 Bxf1 24. Rxf1 Rb4 25. Qxa7 Rxc4 26. Bf3 Rc1 27. Bxg4 hxg4 28. Nd5 Rxf1+ 29. Kxf1 Qb5+ 30. Kg1 Qxd5 0-1

[Event "November 21 Late 2023"]
[Site "https://www.chess.com"]
[Date "2023.11.21"]
[Round "1"]
[White "Gokerkan, Cem Kaan"]
[Black "Kostiukov, Alexandr"]
[Result "1-0"]
[Board "43"]
[TimeControl "180+1"]
[WhiteFideId "6336760"]
[BlackFideId "14108100"]
[WhiteElo "2365"]
[BlackElo "2144"]
[WhiteTeam "TUR"]
[BlackTeam "UKR"]
[WhiteClock "0:00:47"]
[BlackClock "0:00:44"]

1. e4 c5 2. Nf3 g6 3. c3 Bg7 4. d4 cxd4 5. cxd4 d5 6. e5 Nc6 7. Bb5 Bg4 8. O-O Nh6 9. Nbd2 O-O 10. h3 Bxf3 11. Nxf3 Qb6 12. Bxc6 Qxc6 13. b3 f6 14. Re1 Nf7 15. Ba3 Rfe8 16. Qd3 fxe5 17. dxe5 e6 18. Rac1 Qd7 19. h4 Rac8 20. h5 gxh5 21. Bc5 b6 22. Bd4 Rxc1 23. Rxc1 Rc8 24. Re1 Qc6 25. Qa6 Rc7 26. g3 b5 27. Qa5 a6 28. Kg2 Rb7 29. Rh1 Qc2 30. Qxa6 Re7 31. Qxb5 Qe4 32. Rh4 Qg6 33. Bc5 Rd7 34. Qxd7 1-0

[Event "November 21 Late 2023"]
[Site "https://www.chess.com"]
[Date "2023.11.21"]
[Round "1"]
[White "YouShallNotPass001"]
[Black "Raja Rithvik R"]
[Result "0-1"]
[Board "44"]
[TimeControl "180+1"]
[BlackFideId "35007394"]
[WhiteElo "2443"]
[BlackElo "2395"]
[BlackTeam "IND"]
[WhiteClock "0:00:13"]
[BlackClock "0:01:00"]

1. Nf3 d5 2. e3 Nf6 3. Be2 e6 4. O-O b6 5. d4 Bb7 6. c4 Nbd7 7. Nc3 a6 8. a3 Bd6 9. b4 dxc4 10. Bxc4 O-O 11. Qe2 Qe7 12. e4 e5 13. dxe5 Nxe5 14. Nxe5 Qxe5 15. f4 Qd4+ 16. Be3 Qxc3 17. Rfc1 Qxa1 18. Rxa1 Nxe4 19. Rf1 a5 20. Bd4 Kh8 21. Qg4 f6 22. Rf3 axb4 23. Rh3 h6 24. Bd3 Bc8 25. f5 Ng5 26. Rxh6+ gxh6 27. Qh5 Rxa3 28. Qg6 Nh7 29. Bc4 Bc5 30. Bxc5 bxc5 31. Qxh6 b3 32. Bxb3 Rxb3 33. h4 Rg8 34. Kh2 Rb2 35. Qf4 Rbxg2+ 0-1

[Event "November 21 Late 2023"]
[Site "https://www.chess.com"]
[Date "2023.11.21"]
[Round "1"]
[White "Yeletsky, Ivan"]
[Black "liwadas82"]
[Result "1/2-1/2"]
[Board "45"]
[TimeControl "180+1"]
[WhiteFideId "24180327"]
[WhiteElo "2358"]
[BlackElo "2443"]
[WhiteTeam "RUS"]
[WhiteClock "0:00:06"]
[BlackClock "0:00:04"]

1. e4 e5 2. Nf3 Nc6 3. d4 exd4 4. c3 d5 5. exd5 Qxd5 6. cxd4 Bb4+ 7. Nc3 Nf6 8. Be2 Ne4 9. O-O Bxc3 10. bxc3 Nxc3 11. Qc2 Nxe2+ 12. Qxe2+ Be6 13. Ba3 O-O-O 14. Rab1 Bg4 15. Qb2 Bxf3 16. Qxb7+ Kd7 17. Rb5 Qe4 18. gxf3 Qxf3 19. Rb3 Qd5 20. Rc1 Rb8 21. Qa6 Rxb3 22. axb3 Nxd4 23. Qa4+ Ke6 24. Rc5 Qe4 25. Qc4+ Kf6 26. Bb2 Qb1+ 27. Bc1 Qxc1+ 28. Qxc1 Ne2+ 29. Kg2 Nxc1 30. Rxc1 Rb8 31. Rxc7 a5 32. Rc5 Rxb3 33. Rxa5 g5 34. Ra6+ Kf5 35. Rh6 f6 36. Rxh7 Ra3 37. h4 g4 38. Rh5+ Kg6 39. Rc5 f5 40. Re5 Rb3 41. Re6+ Kf7 42. Rh6 Kg7 43. Rd6 Kf7 44. h5 Kg7 45. Rg6+ Kf7 46. Ra6 Kg7 47. h6+ Kh7 48. Rf6 Kh8 49. Rxf5 Kh7 50. Rf6 Ra3 51. Rd6 Rb3 52. Re6 Ra3 53. Rf6 Rb3 54. Rf4 Ra3 55. Rxg4 Kxh6 56. f4 Kh5 57. Rg8 Rb3 58. Kf2 Ra3 59. Ke2 Rb3 60. Rg7 Ra3 61. Rg1 Rb3 62. Kf2 Ra3 63. Rg5+ Kh6 64. Kg2 Rb3 65. Rg4 Ra3 66. Kf2 Rb3 67. Ke2 Ra3 68. f5 Rb3 69. f6 Rb6 70. Rf4 Rb7 71. Ke3 Kg6 72. Ke4 Rb4+ 73. Ke5 Rxf4 74. Kxf4 Kxf6 1/2-1/2

[Event "November 21 Late 2023"]
[Site "https://www.chess.com"]
[Date "2023.11.21"]
[Round "1"]
[White "Kovalevsky, Stanislav"]
[Black "Beerdsen, Thomas"]
[Result "0-1"]
[Board "46"]
[TimeControl "180+1"]
[WhiteFideId "13508598"]
[BlackFideId "1030108"]
[WhiteElo "2092"]
[BlackElo "2550"]
[WhiteTeam "FID"]
[BlackTeam "NED"]
[WhiteClock "0:00:07"]
[BlackClock "0:01:51"]

1. e4 e5 2. Nf3 Nc6 3. Bb5 f5 4. exf5 e4 5. Bxc6 dxc6 6. Qe2 Qe7 7. Nd4 Qe5 8. c3 Bxf5 9. Nxf5 Qxf5 10. d3 Nf6 11. dxe4 Qxe4 12. Qxe4+ Nxe4 13. O-O O-O-O 14. Re1 Bc5 15. Be3 Bxe3 16. fxe3 b5 17. a4 Kb7 18. axb5 cxb5 19. Na3 a6 20. Rad1 c5 21. Nc2 Kc6 22. g3 a5 23. Kg2 Rhf8 24. Rxd8 Rxd8 25. Kf3 Nd2+ 26. Kf4 Rf8+ 27. Kg4 Nc4 28. Rb1 Rf2 29. Na3 Nxe3+ 30. Kg5 Rxh2 31. b4 Ra2 32. Nxb5 Kxb5 33. bxa5+ Kxa5 34. Rb7 Rg2 35. Kf4 Nf1 36. Rxg7 Rxg3 37. Rxh7 Rxc3 38. Ke4 Kb5 39. Kd5 Ne3+ 40. Ke4 Nc4 41. Rb7+ Nb6 42. Rb8 Rc1 43. Ke3 Rd1 44. Ke2 Rd7 45. Re8 c4 46. Re5+ Kb4 47. Re4 Kb3 48. Re6 Na4 49. Re7 Nc3+ 50. Ke1 Rxe7+ 0-1

[Event "November 21 Late 2023"]
[Site "https://www.chess.com"]
[Date "2023.11.21"]
[Round "1"]
[White "Mitrabha, Guha"]
[Black "Jimenez Ruano, Adrian"]
[Result "1-0"]
[Board "47"]
[TimeControl "180+1"]
[WhiteFideId "5057000"]
[BlackFideId "22276050"]
[WhiteElo "2512"]
[BlackElo "2215"]
[WhiteTeam "IND"]
[BlackTeam "ESP"]
[WhiteClock "0:01:16"]
[BlackClock "0:00:00"]

1. Nf3 Nf6 2. b3 c5 3. Bb2 d5 4. e3 a6 5. d4 Nc6 6. dxc5 e6 7. a3 Bxc5 8. b4 Be7 9. c4 O-O 10. Nbd2 Qc7 11. Rc1 Rd8 12. Qb3 dxc4 13. Bxc4 Ng4 14. Be2 Bf6 15. h3 Bxb2 16. Qxb2 Nge5 17. Nxe5 Qxe5 18. Qxe5 Nxe5 19. Rc7 Bd7 20. f4 Ng6 21. Rxb7 Bc6 22. Rc7 Bxg2 23. Rh2 Bd5 24. e4 Ba2 25. Rc2 Rxd2 26. Rxd2 Bb3 27. f5 Ne5 28. Kf2 Bc4 29. Rh1 Bxe2 30. Kxe2 exf5 31. exf5 Re8 32. Kf2 Nc4 33. Rd3 g6 34. fxg6 hxg6 35. Re1 Rb8 36. Re4 Nb2 37. Rd6 a5 38. bxa5 Ra8 39. a6 Kg7 40. Rb4 Nd3+ 41. Rxd3 Rxa6 42. a4 1-0

[Event "November 21 Late 2023"]
[Site "https://www.chess.com"]
[Date "2023.11.21"]
[Round "1"]
[White "Vadim_Galchenko"]
[Black "Eljanov, Pavel"]
[Result "0-1"]
[Board "48"]
[TimeControl "180+1"]
[BlackFideId "14102951"]
[WhiteElo "2440"]
[BlackElo "2598"]
[BlackTeam "UKR"]
[WhiteClock "0:00:00"]
[BlackClock "0:00:22"]

1. e4 c6 2. c4 d5 3. exd5 cxd5 4. cxd5 Nf6 5. Bb5+ Nbd7 6. Nc3 g6 7. Nf3 Bg7 8. d6 a6 9. dxe7 Qxe7+ 10. Be2 O-O 11. O-O b5 12. d4 Bb7 13. h3 Nb6 14. Re1 Qd6 15. Bg5 Rfe8 16. Ne5 b4 17. Qb3 Re7 18. Na4 Nxa4 19. Qxa4 Qxd4 20. Nf3 Qxb2 21. Rab1 Qa3 22. Qxa3 bxa3 23. Bc4 Rxe1+ 24. Nxe1 Bd5 25. Bxd5 Nxd5 26. Rb3 Bf8 27. Bc1 Rc8 28. Bxa3 Bxa3 29. Rxa3 Rc1 30. Kf1 Nb4 31. Rb3 Nc2 32. Rb8+ Kg7 33. Re8 Ra1 34. g4 Kf6 35. h4 h5 36. f3 Nxe1 37. Rxe1 Rxa2 38. Rb1 a5 39. Rb5 hxg4 40. fxg4 a4 41. h5 a3 42. Ra5 gxh5 43. gxh5 Kg7 44. Kg1 Ra1+ 45. Kg2 a2 46. Kh2 f5 47. Kg2 f4 0-1